 Dungeon Crawl Stone Soup version 0.32-a0-872-g59262bdc9b (webtiles) character file.

Game seed: 16470414954014100473

965 Elsrick the Reanimator (level 7, 0/47 HPs)
             Began as a Vampire Necromancer on Mar 30, 2024.
             Was an Initiate of Beogh.
             Slain by a troll (5 damage)
             ... on level 6 of the Dungeon.
             The game lasted 00:27:37 (6762 turns).

Elsrick the Reanimator (Vampire Necromancer)        Turns: 6762, Time: 00:27:37

Health: 0/47       AC:  6    Str:  7    XL:     7   Next: 93%
Magic:  15/15      EV: 12    Int: 19    God:    Beogh [......]
Gold:   14         SH:  0    Dex: 21    Spells: 8/17 levels left

rFire   . . .        m - +3 dagger
rCold   . . .        (no shield)
rNeg    . . .        k - +1 robe of a sewer {rElec rPois Archmagi}
rPois   +            (no helmet)
rElec   +            l - +0 cloak
rCorr   .            (no gloves)
SInv    +            f - +1 pair of boots
Will    .....        (no amulet)
Stlth   +++          A - +6 ring of dexterity
HPRegen 0.47/turn    G - ring of wizardry
MPRegen 0.14/turn

%: wizardry (x1), archmagi
@: healing quickly
A: alive, fangs 3, see invisible, vampiric 2
a: Exsanguinate, Renounce Religion


You were on level 6 of the Dungeon.
You worshipped Beogh.
Beogh was noncommittal.
You visited 1 branch of the dungeon, and saw 6 of its levels.

You collected 445 gold pieces.
You spent 431 gold pieces at shops.

Inventory:

Hand Weapons
 m - a +3 dagger (weapon)
Missiles
 h - 17 poisoned darts (quivered)
Armour
 a - a +0 robe
 f - a +1 pair of boots (worn)
 k - the +1 robe of a sewer (worn) {rElec rPois Archmagi}
   (You bought it in a shop on level 2 of the Dungeon)

   rElec:     It insulates you from electricity.
   rPois:     It protects you from poison.
   Archmagi:  It increases the power of your magical spells.
 l - a +0 cloak (worn)
Magical Staves
 v - a staff of cold
Jewellery
 A - a +6 ring of dexterity (left hand)
 G - a ring of wizardry (right hand)
Talismans
 e - a storm talisman
Wands
 q - a wand of polymorph (21)
 F - a wand of mindburst (13)
Scrolls
 c - 3 scrolls of noise {unknown}
 g - 5 scrolls of identify {unknown}
 j - 3 scrolls of immolation {unknown}
 o - a scroll of blinking {unknown}
 p - 2 scrolls of poison
 r - 2 scrolls of teleportation {unknown}
 t - a scroll of amnesia {unknown}
 y - a scroll of fear {unknown}
 C - a scroll of revelation {unknown}
 D - a scroll of enchant weapon {unknown}
 E - a scroll of vulnerability {unknown}
Potions
 b - a potion of magic
 d - a potion of brilliance {unknown}
 i - a potion of invisibility {unknown}
 s - a potion of ambrosia {unknown}
 u - a potion of resistance {unknown}
 w - a potion of attraction
 x - a potion of cancellation {unknown}
 z - a potion of might {unknown}
 B - a potion of haste


   Skills:
 + Level 0.4 Fighting
 + Level 0.7 Short Blades
 + Level 0.1 Throwing
 + Level 2.9 Dodging
 + Level 3.9 Stealth
 + Level 0.1 Unarmed Combat
 + Level 5.5 Spellcasting
 + Level 8.4 Necromancy


You had 8 spell levels left.
You knew the following spells:

 Your Spells              Type           Power      Damage    Failure   Level
a - Necrotise             Necr           100%       1d9       1%          1
b - Vampiric Draining     Necr           54%        2d9       1%          3
c - Animate Dead          Necr           54%        N/A       1%          4
d - Freeze                Ice            28%        1d5       4%          1

Your spell library contained the following spells:

 Spells                   Type           Power      Damage    Failure   Level
 Summon Small Mammal      Summ           28%        N/A       4%          1
 Curse of Agony           Necr           54%        N/A       4%          5
 Call Canine Familiar     Summ           7%         N/A       14%         3
 Frozen Ramparts          Ice            14%        1d3       14%         3
 Hailstorm                Conj/Ice       7%         3d5       14%         3
 Sigil of Binding         Hex            7%         N/A       14%         3
 Dimensional Bullseye     Hex/Tloc       3%         N/A       41%         4
 Summon Blazeheart Golem  Fire/Summ      7%         N/A       41%         4


Dungeon Overview and Level Annotations

Branches:
Dungeon (6/15)             Temple (0/1) D:6

Altars:
Cheibriados
Gozag
Qazlal

Shops:
D:2 ==[:!   D:3 =   D:5 *


Innate Abilities, Weirdness & Mutations

Your natural rate of healing is accelerated.
You have razor-sharp teeth.
You have supernaturally acute eyesight. (SInv)
You are afflicted with vampirism and can become a bat while bloodless.


Message History

You start memorising the spell.
You continue memorising.
You finish memorising.
Spell assigned to 'd'.
Done exploring.
There is a stone staircase leading down here.
You climb downwards.
There is a stone staircase leading up here.
There is a stone staircase leading down here.
You climb downwards.
There is a stone staircase leading up here.
There is a stone staircase leading down here.
You climb downwards.
There is a stone staircase leading up here.
There is an entrance to Urieti's General Store here.
You see here a +0 kite shield.
There is a stone staircase leading down here.
You climb downwards.
The troll bites you! The troll claws you.
The troll claws you but does no damage. The troll bites you!
* * * LOW HITPOINT WARNING * * *
The troll completely misses you. The troll closely misses you.
There is a stone staircase leading up, spattered with blood here.
The troll barely misses you. The troll claws you!
* * * LOW HITPOINT WARNING * * *
The troll misses you.
You climb upwards.
There is a stone staircase leading down here.
Okay, then.
Okay, then.
It was a potion of heal wounds.
You feel much better. The troll misses you. The troll closely misses you.
The troll claws you.
There is an escape hatch in the floor here.
The troll bites you! The troll claws you but does no damage.
The troll barely misses you.
You slide downwards.
The hatch slams shut behind you.
Found 17 gold pieces.
The troll attacks as it pursues you! The troll barely misses you.
The troll claws you. The troll barely misses you. The troll closely misses you.
The troll claws you!
* * * LOW HITPOINT WARNING * * *
The troll claws you.
You die...

.........#
#..#...%#
#..####.###
#.........#
#....$..#
#.......#
#.......#
#.T.....#
#@......#
#.......#
.....####
.###..# $.
..... ..
...#.# #..
..#.#
###### ##.
..... #####
.....# ..
#.#.# #....


You could see a troll.

Vanquished Creatures
  2 black bears
  2 bullfrogs
  2 scorpions
  A jelly (D:6)
  2 hounds
  4 iguanas
  Ijyb (D:3)
  Terence (D:3)
  An orc wizard (D:3)
  5 gnolls
  8 adders
  3 white imps
  3 orcs
  A ball python (D:1)
  3 bats
  7 endoplasms
  3 giant cockroaches
  2 goblins (D:4)
  6 hobgoblins
  3 frilled lizards
  3 kobolds
  4 rats
67 creatures vanquished.

Vanquished Creatures (collateral kills)
  A jelly (D:4)
  A hound (D:4)
  A gnoll (D:2)
  An adder (D:2)
  2 endoplasms
  A goblin (D:1)
  A rat (D:1)
8 creatures vanquished.

Vanquished Creatures (others)
  An adder zombie (D:6)
1 creature vanquished.

Grand Total: 76 creatures vanquished

Notes
Turn   | Place    | Note
-------+----------+-------------------------------------------
     0 | D:1      | Elsrick the Vampire Necromancer began the quest for the
                  | Orb.
     0 | D:1      | Reached XP level 1. HP: 13/13 MP: 3/3
   341 | D:1      | Reached XP level 2. HP: 19/19 MP: 5/5
  1063 | D:2      | Found Kusi's Jewellery Boutique.
  1112 | D:2      | Reached skill level 5 in Necromancy
  1203 | D:2      | Found Weuph's Jewellery Shoppe.
  1212 | D:2      | Found Qama's Antique Armour Shop.
  1275 | D:2      | Gained mutation: You are afflicted with vampirism and can
                  | become a bat while bloodless. [Vampire growth]
  1275 | D:2      | Reached XP level 3. HP: 12/24 MP: 1/6
  1673 | D:2      | Found Ratetic's Distillery.
  1742 | D:2      | Bought a dazzling robe for 131 gold pieces
  1742 | D:2      | Identified the +1 robe of a sewer {rElec rPois Archmagi}
                  | (You bought it in a shop on level 2 of the Dungeon)
  1971 | D:2      | Learned a level 3 spell: Vampiric Draining
  2037 | D:2      | Found Nupsiugo's Book Emporium.
  2291 | D:3      | Found a snail-covered altar of Cheibriados.
  2291 | D:3      | Noticed Ijyb
  2567 | D:3      | Killed Ijyb
  2568 | D:3      | Reached XP level 4. HP: 30/30 MP: 1/8
  2743 | D:3      | Found a faded altar of an unknown god.
  2975 | D:3      | Found Aquzyad's Jewellery Shoppe.
  2975 | D:3      | Noticed Terence
  3114 | D:3      | Killed Terence
  3115 | D:3      | Reached XP level 5. HP: 32/35 MP: 0/10
  3396 | D:4      | Reached skill level 6 in Necromancy
  3428 | D:4      | Noticed a black bear
  3516 | D:4      | Found an opulent altar of Gozag.
  3563 | D:4      | Reached XP level 6. HP: 24/41 MP: 3/11
  3902 | D:4      | Reached skill level 7 in Necromancy
  4393 | D:4      | Reached XP level 7. HP: 46/46 MP: 9/13
  4498 | D:4      | Learned a level 4 spell: Animate Dead
  4676 | D:5      | Entered Level 5 of the Dungeon
  4702 | D:5      | Found Urieti's General Store.
  4784 | D:5      | Reached skill level 5 in Spellcasting
  5535 | D:6      | Noticed a troll
  5708 | D:5      | Reached skill level 8 in Necromancy
  6103 | D:6      | Became a worshipper of Beogh the Shepherd
  6295 | D:6      | Found a stormy altar of Qazlal.
  6420 | D:6      | Found a staircase to the Ecumenical Temple.
  6660 | D:2      | Bought a ring of wizardry for 300 gold pieces
  6663 | D:2      | Learned a level 1 spell: Freeze
  6762 | D:6      | Slain by a troll

Illustrated notes

Levels and vault maps discovered:
D:1:      ncdulo_wetmaze, layout_basic, minmay_misc_feat_rugged
D:2:      layout_basic, serial_shops, shop, shop, shop, shop,
          nicolae_shop_industrial_runoff
D:3:      layout_loops_ring, mainiacjoe_overflow_small_starburst,
          dreamdust_ecumenical_altar_grove, serial_shops, shop, uniq_terence,
          uniq_ijyb
D:4:      layout_layer_cave, nicolae_gozag_seed_capital, chequers_jeans,
          kennysheep_diamond, corexii_corridor_pit,
          hangedman_decor_diamond_cutter
D:5:      layout_loops_ring, serial_shops, nicolae_stop_n_shop_2,
          kb_lookout_dungeons_type
D:6:      kennysheep_windowed_halls, layout_loops_cross,
          mainiacjoe_overflow_six_doors_small, minmay_temple_entry_poolview

Skill      XL: |  1  2  3  4  5  6  7 |
---------------+----------------------+-----
Necromancy     | 5 6 7 8 |  8.4
Spellcasting   | 3 4 5 |  5.5
Fighting       | |  0.4
Short Blades   | |  0.7
Throwing       | |  0.1
Dodging        | |  2.9
Stealth        | |  3.9
Unarmed Combat | |  0.1

Action                     |  1- 3 |  4- 6 |  7- 9 || total
---------------------------+-------+-------+-------++-------
  Melee: Unarmed           |    32 |       |       ||    32
         Bite              |     2 |     3 |     3 ||     8
         Dagger            |     4 |    16 |    20 ||    40
  Throw: Dart              |       |     1 |       ||     1
   Cast: Necrotise         |    50 |    66 |    48 ||   164
         Vampiric Draining |     1 |     1 |     8 ||    10
         Animate Dead      |       |       |     4 ||     4
 Invoke: Convert to Beogh  |       |       |     1 ||     1
    Use: Scroll            |       |     1 |       ||     1
         Potion            |       |       |     3 ||     3
   Stab: Sleeping          |       |       |     1 ||     1
 Armour: Robe              |    21 |    19 |    49 ||    89
         Skin              |     8 |     9 |       ||    17
  Dodge: Dodged            |    30 |    17 |    33 ||    80

Table legend: (Time is in decaauts)
 A = Elapsed time spent in this place.
 B = Non-inter-level travel time spent in this place.
 C = Inter-level travel time spent in this place.
 D = Time resting spent in this place.
 E = Time spent auto-exploring this place.
 F = Levels seen in this place.
 G = Mean time per level.
                   A        B        C        D        E       F      G
               +--------+--------+--------+--------+--------+-----+--------+
         Total |   6756 |   6071 |    685 |   1234 |   3181 |   6 | 1126.0 |
       Dungeon |   6756 |   6071 |    685 |   1234 |   3181 |   6 | 1126.0 |
               +--------+--------+--------+--------+--------+-----+--------+

Top non-repeatable levels by time:
     D:4: 1482 daAuts
     D:2: 1395 daAuts
     D:5: 1130 daAuts
     D:1: 1069 daAuts
     D:3: 1010 daAuts
     D:6: 668 daAuts
